 Dungeon Crawl Stone Soup version 0.30-a0-920-g7493c07aab (webtiles) character file.

Game seed: 12883527234006913254

19197 cforsyth the Fighter (level 13, -12/105 HPs)
             Began as a Human Fighter on Mar 21, 2023.
             Was a High Priest of Okawaru.
             Mangled by a komodo dragon (19 damage)
             ... on level 1 of the Lair of Beasts.
             The game lasted 00:19:03 (14084 turns).

cforsyth the Fighter (Human Fighter)               Turns: 14084, Time: 00:19:03

Health: -12/105    AC: 19    Str: 22    XL:     13   Next: 2%
Magic:  13/13      EV:  8    Int: 15    God:    Okawaru [*****.]
Gold:   843        SH: 11    Dex: 12    Spells: 12/12 levels left

rFire   . . .      SeeInvis +    T - +7 eveningstar (holy)
rCold   . . .      Faith    .    c - +0 buckler
rNeg    . . .      Spirit   .    y - +0 chain mail
rPois   .          Reflect  +    l - +2 helmet
rElec   .          Rampage  .    n - +0 cloak
rCorr   .                        (no gloves)
Will    .....                    A - +1 pair of boots Stlth
                                 C - amulet of reflection
HPRegen 0.37/turn                M - ring of see invisible
MPRegen 0.13/turn                Q - +6 ring of intelligence

@: no status effects
A: no striking features
a: Renounce Religion, Heroism, Finesse, Duel


You were on level 1 of the Lair of Beasts.
You worshipped Okawaru.
Okawaru was extremely pleased with you.
You visited 3 branches of the dungeon, and saw 14 of its levels.

You collected 843 gold pieces.

Inventory:

Hand Weapons
 G - a +6 flail of holy wrath
 T - a +7 eveningstar of holy wrath (weapon)
Missiles
 H - 3 throwing nets (quivered)
Armour
 c - a +0 buckler (worn)
 l - a +2 helmet (worn)
 n - a +0 cloak (worn)
 y - a +0 chain mail (worn)
 A - a +1 pair of boots (worn)
Jewellery
 C - an amulet of reflection (around neck)
 M - a ring of see invisible (left hand)
 N - a ring of fire
 Q - a +6 ring of intelligence (right hand)
Wands
 k - a wand of light (5)
 K - a wand of mindburst (17)
 O - a wand of roots (2)
Scrolls
 e - a scroll of blinking
 f - a scroll of enchant armour
 j - 3 scrolls of enchant weapon
 p - a scroll of butterflies
 r - a scroll of torment {unknown}
 t - 2 scrolls of immolation
 u - 3 scrolls of vulnerability
 B - 8 scrolls of teleportation
 F - 2 scrolls of fear
 J - a scroll of silence {unknown}
 P - a scroll of poison {unknown}
 R - a scroll of magic mapping {unknown}
 S - a scroll of identify
Potions
 d - 3 potions of might
 h - 4 potions of brilliance
 i - 3 potions of invisibility
 m - 2 potions of flight
 o - a potion of resistance {unknown}
 q - 4 potions of curing
 s - 3 potions of mutation
 v - 2 potions of lignification
 w - a potion of berserk rage
 x - a potion of heal wounds
 D - 2 potions of cancellation {unknown}
 E - 2 potions of ambrosia {unknown}
 L - a potion of haste {unknown}


   Skills:
 + Level 10.9 Fighting
 + Level 10.6 Maces & Flails
 + Level 10.9 Armour
 + Level 10.8 Shields


You had 12 spell levels left.
You didn't know any spells.
Your spell library contained the following spells:

 Spells                   Type           Power      Damage    Failure   Level
 Beastly Appendage        Tmut           0%         N/A       88%         1
 Lesser Beckoning         Tloc           0%         N/A       96%         2
 Wereblood                Tmut           0%         N/A       96%         2
 Gell's Gravitas          Tloc           0%         N/A       99%         3
 Spider Form              Tmut/Pois      0%         N/A       99%         3
 Stone Arrow              Conj/Erth      0%         3d7       99%         3
 Teleport Other           Tloc           0%         N/A       99%         3
 Petrify                  Tmut/Erth      0%         N/A       100%        4
 Iskenderun's Battlesphe  Conj           0%         2d6       100%        5
 Metabolic Englaciation   Hex/Ice        0%         N/A       100%        5
 Iron Shot                Conj/Erth      0%         9d1       100%        6
 Statue Form              Tmut/Erth      0%         N/A       100%        6
 Lehudib's Crystal Spear  Conj/Erth      0%         10d2      100%        8
 Animate Armour           Summ/Erth      Unusable   N/A       N/A         4
 Spellforged Servitor     Conj/Summ      Unusable   N/A       N/A         7

Dungeon Overview and Level Annotations

Branches:
Dungeon (12/15)            Temple (1/1) D:6            Lair (1/5) D:9
    Orc (0/2) D:12

Altars:
Ashenzari
Cheibriados
Dithmenos
Elyvilon
Fedhas
Gozag
Hepliaklqana
Kikubaaqudgha
Makhleb
Nemelex Xobeh
Okawaru
Qazlal
Ru
Sif Muna
Trog
Uskayaw
Vehumet
Wu Jian
Xom
Yredelemnul
Zin
The Shining One

Shops:
D:5 ?   D:6 =   D:7 =   D:8 !   D:10 *


Message History

The komodo dragon bites you but does no damage.
The yak gores you!
You sock the yak!
The yak is severely wounded.
The komodo dragon bites you but does no damage.
The yak barely misses you.
You impale the yak!!
You kill the yak!
Okawaru accepts your kill. The komodo dragon bites you!
You are too injured to fight recklessly!
You are too injured to fight recklessly!
You are too injured to fight recklessly!
You are too injured to fight recklessly!
You are too injured to fight recklessly!
You are too injured to fight recklessly!
You are too injured to fight recklessly!
You are too injured to fight recklessly!
You are too injured to fight recklessly!
You hit the komodo dragon.
The komodo dragon is lightly wounded.
You block the komodo dragon's attack.
You hit the komodo dragon.
The komodo dragon is lightly wounded.
The komodo dragon bites you!
You puncture the komodo dragon!
The komodo dragon is moderately wounded.
The komodo dragon bites you!
* * * LOW HITPOINT WARNING * * *
You thump the komodo dragon!
The komodo dragon is severely wounded.
You block the komodo dragon's attack.
You closely miss the komodo dragon.
The komodo dragon is severely wounded.
The komodo dragon bites you!
* * * LOW HITPOINT WARNING * * *
You hit the komodo dragon.
The komodo dragon is severely wounded.
The komodo dragon bites you!!
You die...

#.........# #...# # .
###........####..## ##
..#.#........#.P#..####.
.../....................
........................
.####P..###...#.#.#..###
##..# ##..#####..# #..#
#...# #..## #.@# ##..#
#...# #.l# #..#####..P##
#... ............. #....
........... P.....
.P##.####.. ..$..... .
## ##. ......... #.
##..........########.
..........


You could see a komodo dragon.

Vanquished Creatures
  A boulder beetle (D:11)
  3 two-headed ogres
  A deep elf pyromancer (D:12)
  An ugly thing (D:12)
  An unseen horror (D:11)
  A kobold demonologist (D:6)
  2 komodo dragons
  3 trolls
  Prince Ribbit (D:6)
  2 hornets
  9 slime creatures
  Sigmund (D:3)
  33 yaks
  A shadow (D:11)
  A vampire (D:10)
  5 wraiths
  A steam dragon (D:7)
  8 vampire mosquitoes
  Edmund (D:6)
  3 acid dragons
  4 water moccasins
  4 ice beasts
  A black bear (D:7)
  4 orc warriors
  3 ogres
  3 wolves (Lair:1)
  5 centaurs
  A phantom (D:5)
  2 kobold brigands
  5 bullfrogs
  4 scorpions
  Blork the orc (D:6)
  A gnoll sergeant (D:9)
  8 wights
  7 killer bees
  6 howler monkeys
  5 hounds
  2 jellies
  5 orc priests
  2 sleepcaps (D:4)
  An iguana (D:5)
  Terence (D:2)
  3 orc wizards
  6 gnolls
  6 adders
  2 white imps
  2 worms
  5 dart slugs
  33 orcs
  An endoplasm (D:3)
  4 giant cockroaches
  7 goblins
  14 hobgoblins
  3 jackals (D:2)
  18 kobolds
  3 quokkas
  9 ball pythons
  4 bats (D:2)
  A frilled lizard (D:3)
  6 rats
281 creatures vanquished.

Vanquished Creatures (others)
  12 fungi
  15 plants (D:9)
27 creatures vanquished.

Grand Total: 308 creatures vanquished

Notes
Turn   | Place    | Note
-------+----------+-------------------------------------------
     0 | D:1      | cforsyth the Human Fighter began the quest for the Orb.
     0 | D:1      | Reached XP level 1. HP: 18/18 MP: 1/1
    94 | D:1      | Reached XP level 2. HP: 21/24 MP: 2/2
   275 | D:1      | Reached XP level 3. HP: 29/29 MP: 3/3
   568 | D:2      | Found a radiant altar of Vehumet.
   948 | D:2      | Reached XP level 4. HP: 35/35 MP: 4/4
  1221 | D:2      | Noticed Terence
  1228 | D:2      | Killed Terence
  1229 | D:2      | Reached XP level 5. HP: 37/42 MP: 5/5
  1301 | D:3      | Noticed a floating eye
  1303 | D:3      | Found a faded altar of an unknown god.
  1308 | D:3      | Noticed a shining eye
  1308 | D:3      | Noticed a floating eye
  1308 | D:3      | Noticed a floating eye
  1308 | D:3      | Noticed Sigmund
  1317 | D:3      | Killed Sigmund
  1318 | D:3      | Reached XP level 6. HP: 43/48 MP: 6/6
  1792 | D:3      | Found an ornate altar of the Wu Jian Council.
  2288 | D:4      | Reached XP level 7. HP: 55/55 MP: 7/7
  2749 | D:4      | Found a sparkling altar of Nemelex Xobeh.
  3077 | D:5      | Entered Level 5 of the Dungeon
  3210 | D:5      | Reached skill level 5 in Fighting
  3210 | D:5      | Reached skill level 5 in Armour
  3210 | D:5      | Reached skill level 5 in Shields
  3220 | D:5      | Reached XP level 8. HP: 45/62 MP: 8/8
  3281 | D:5      | Found Osi Ivo's Magic Scroll Shoppe.
  3727 | D:5      | Found a shadowy altar of Dithmenos.
  3756 | D:5      | Reached skill level 5 in Maces & Flails
  3789 | D:5      | Found a radiant altar of Vehumet.
  3889 | D:5      | Found a burning altar of Makhleb.
  4035 | D:6      | Noticed Blork the orc
  4042 | D:6      | Killed Blork the orc
  4064 | D:6      | Reached XP level 9. HP: 48/69 MP: 9/9
  4364 | D:6      | Noticed Edmund
  4374 | D:6      | Killed Edmund
  4385 | D:6      | Noticed Prince Ribbit
  4426 | D:6      | Killed Prince Ribbit
  4498 | D:6      | Found a staircase to the Ecumenical Temple.
  4668 | Temple   | Entered the Ecumenical Temple
  4887 | D:6      | Found Hemeisuc's Jewellery Shoppe.
  5059 | D:7      | Identified the +1 long sword of the Hurting King {flame,
                  | rElec Int+5}
  5074 | D:7      | Noticed a kobold demonologist
  5084 | D:7      | Noticed a soul eater
  5510 | D:6      | Killed a kobold demonologist
  5996 | D:7      | Reached XP level 10. HP: 57/79 MP: 10/10
  6130 | D:7      | Found Yshram's Jewellery Emporium.
  6475 | D:7      | Found an iron altar of Okawaru.
  6672 | D:8      | Noticed a two-headed ogre
  6772 | D:8      | Found Sowocucw's Distillery.
  6879 | D:8      | Killed a two-headed ogre
  7745 | D:9      | Reached XP level 11. HP: 85/87 MP: 11/11
  8618 | D:9      | Found a staircase to the Lair.
  8970 | D:7      | Became a worshipper of Warmaster Okawaru
  9017 | D:10     | Entered Level 10 of the Dungeon
  9332 | D:10     | Found Vonumaos's Neck Hole.
  9734 | D:10     | Reached * piety under Okawaru
  9833 | D:10     | Noticed a two-headed ogre
  9843 | D:10     | Killed a two-headed ogre
  9967 | D:10     | Found a white marble altar of Elyvilon.
 10075 | D:10     | Reached ** piety under Okawaru
 10479 | D:11     | Noticed a two-headed ogre
 10479 | D:11     | Noticed a boulder beetle
 10491 | D:10     | Killed a two-headed ogre
 10491 | D:10     | Reached *** piety under Okawaru
 10492 | D:10     | Reached XP level 12. HP: 49/97 MP: 12/12
 10670 | D:11     | Killed a boulder beetle
 11038 | D:11     | Reached skill level 10 in Fighting
 11038 | D:11     | Reached skill level 10 in Armour
 11044 | D:11     | Reached skill level 10 in Shields
 11056 | D:11     | Reached **** piety under Okawaru
 11245 | D:11     | HP: 3/97 [unseen horror (8)]
 11486 | D:11     | Reached skill level 10 in Maces & Flails
 12069 | D:12     | Identified the +1 flail "Esocokk" {freeze, rElec rN+
                  | Stlth-}
 12491 | D:11     | Reached ***** piety under Okawaru
 13228 | D:12     | Found a staircase to the Orcish Mines.
 13359 | D:12     | Received a gift from Okawaru
 13842 | Lair:1   | Entered Level 1 of the Lair of Beasts
 14068 | Lair:1   | Reached XP level 13. HP: 105/105 MP: 13/13
 14084 | Lair:1   | Mangled by a komodo dragon

Illustrated notes

Levels and vault maps discovered:
D:1:      amcnicky_arrival_feature_with_door, layout_rooms
D:2:      layout_basic, basic_altar, grunt_decor_resistance,
          minmay_misc_feat_five, uniq_terence
D:3:      layout_rooms, pdpol_wu_jian_five_deadly_venoms,
          hellmonk_ecumenical_altar_watching_god, uniq_sigmund
D:4:      layout_basic, mainiacjoe_overflow_surrounded_room,
          minmay_goblin_outpost
D:5:      layout_rooms, nicolae_vehumet_radiance, makhleb_blood_cavern_becter,
          mainiacjoe_overflow_alcove_1, serial_shops, nicolae_shop_behind_doors
D:6:      layout_rooms, temple_doors_e, serial_shops, shop_coins, serial_rivers,
          chequers_serial_rivers_small_a, chequers_serial_rivers_room_b,
          chequers_serial_rivers_marsh, chequers_serial_rivers_large_b,
          chequers_serial_rivers_large_a, chequers_serial_rivers_micro_b,
          uniq_edmund, uniq_blork_the_orc, uniq_prince_ribbit1
D:7:      layout_rooms, okawaru_trees_1, hellmonk_bongcloud_opening,
          minmay_shop_enchanted_jewellery, chequers_decorated_corner,
          grunt_ogre_cave
D:8:      layout_cave_pools, serial_shops, nicolae_stop_n_shop_1,
          nicolae_elevator_lobby_plus
D:9:      layout_basic, grunt_lair_entry_orc_guard_hut
D:10:     layout_irregular_city, mainiacjoe_overflow_alcove_4, st_stairs_4,
          nicolae_shop_sticking_my_neck_out
D:11:     layout_stronghold
D:12:     layout_basic, orc_0_dummy
Temple:   regret_index_temple_waves
Lair:1:   layout_small_grid, beast_lair_carwin_7

Skill      XL: |  1  2  3  4  5  6  7  8  9 10 11 12 |
---------------+-------------------------------------+-----
Fighting       | 4 5 6 7 8 9 10 | 10.9
Maces & Flails | 3 4 5 6 8 9 10 | 10.6
Armour         | 4 5 6 7 8 9 10 | 10.9
Shields        | 4 5 7 8 9 10 | 10.8

Action                     |  1- 3 |  4- 6 |  7- 9 | 10-12 | 13-15 || total
---------------------------+-------+-------+-------+-------+-------++-------
  Melee: Flail             |    98 |   154 |   235 |   616 |       ||  1103
         Eveningstar       |       |       |       |    45 |    16 ||    61
    Use: Potion            |       |       |       |     6 |       ||     6
         Scroll            |       |       |       |    18 |       ||    18
 Armour: Scale mail        |    55 |   105 |       |       |       ||   160
         Chain mail        |       |    14 |   244 |   339 |     5 ||   602
  Dodge: Dodged            |    43 |   114 |   126 |   209 |     5 ||   497
  Block: Buckler           |    27 |    52 |   193 |   411 |     5 ||   688
         Reflection        |       |       |     3 |    13 |       ||    16

Table legend: (Time is in decaauts)
 A = Elapsed time spent in this place.
 B = Non-inter-level travel time spent in this place.
 C = Inter-level travel time spent in this place.
 D = Time resting spent in this place.
 E = Time spent auto-exploring this place.
 F = Levels seen in this place.
 G = Mean time per level.
                   A        B        C        D        E       F      G
               +--------+--------+--------+--------+--------+-----+--------+
         Total |  14363 |  13888 |    475 |   2255 |   9058 |  14 | 1025.9 |
       Dungeon |  14068 |  13621 |    447 |   2241 |   8889 |  12 | 1172.3 |
        Temple |    150 |    122 |     28 |      0 |    110 |   1 |  150.0 |
          Lair |    143 |    143 |      0 |     14 |     59 |   1 |  143.0 |
               +--------+--------+--------+--------+--------+-----+--------+

Top non-repeatable levels by time:
     D:6: 1951 daAuts
    D:11: 1893 daAuts
     D:9: 1524 daAuts
    D:10: 1359 daAuts
    D:12: 1283 daAuts
     D:4: 1219 daAuts
     D:8: 1112 daAuts
     D:2: 861 daAuts
     D:7: 850 daAuts
     D:5: 806 daAuts
     D:3: 636 daAuts
     D:1: 570 daAuts
  Temple: 150 daAuts
  Lair:1: 143 daAuts
